Map: New Repugnancy LE

Players

pethr - Winner!

  • Race: Protoss Protoss
  • League: Platinum
  • Spawn Location: 7:00

MiuGu

  • Race: Zerg Zerg
  • League: Platinum
  • Spawn Location: 1:00

VOD

Have the link to the VOD?

Description

Time

  • Played on: May 11, 2019, 11:18 a.m.
  • Length: 16:57
Show
View Real Time Build Order
Export as new Build Order

pethr Protoss - Winner!

Build Orders: Chargelot Immortal 

Get SALT Encoding   

  12  0:01  Probe  
  13  0:13  Probe  
  14  0:21  Pylon  
  14  0:25  Probe  
  15  0:44  Gateway  
  15  0:45  Probe  
  15  0:48  Assimilator  
  16  0:58  Probe  
  17  1:10  Probe  
  18  1:22  Probe  
  19  1:34  Probe  
  20  1:41  Cybernetics Core  
  20  1:45  Nexus  
  20  1:57  Forge  
  20  2:11  Pylon, Probe  
  20  2:13  Stalker  
  21  2:16  Assimilator  
  21  2:18  Warp Gate  
  23  2:29  Probe  
  24  2:41  Probe  
  25  2:48  Stalker  
  27  2:53  Probe  
  28  3:01  Probe  
  28  3:05  Probe  
  30  3:12  Robotics Facility  
  30  3:14  Probe  
  30  3:17  Probe  
  30  3:18  Sentry  
  34  3:26  Probe  
  35  3:29  Probe  
  36  3:35  Pylon  
  36  3:38  Probe  
  37  3:41  Probe  
  38  3:48  Gateway x2  
  38  3:49  Probe  
  39  3:56  Twilight Council  
  39  3:57  Probe x2  
  39  4:01  Observer  
  41  4:05  Probe  
  43  4:14  Probe  
  43  4:16  Immortal  
  48  4:36  Zealot  
  50  4:55  Immortal  
  50  4:57  Observer  
  54  5:00  Charge  
  54  5:05  Pylon  
  54  5:23  Probe x2  
  54  5:24  Pylon  
  54  5:25  Immortal  
  60  5:37  Zealot  
  62  5:43  Zealot x2  
  62  5:49  Gateway  
  66  5:51  Gateway, Probe x2  
  66  5:53  Gateway  
  66  5:54  Gateway  
  66  5:57  Assimilator  
  68  5:59  Stalker  
  70  6:07  Pylon  
  70  6:09  Pylon  
  70  6:15  Pylon  
  70  6:18  Assimilator  
  70  6:19  Immortal  
  70  6:23  Protoss Ground Weapons Level 1  
  72  6:25  Probe x2  
  72  6:26  Zealot  
  72  6:27  Zealot x2  
  82  6:43  Probe  
  83  6:48  Pylon  
  83  6:52  Zealot x2  
  83  6:53  Zealot x3  
  93  7:26  Zealot x4  
  93  7:28  Observer  
  101  7:40  Nexus  
  101  7:41  Pylon  
  101  7:42  Pylon  
  101  7:43  Pylon  
  101  7:44  Pylon  
  101  7:49  Pylon  
  101  7:58  Robotics Bay  
  101  7:59  Immortal  
  101  8:01  Templar Archives  
  105  8:09  Stalker x3  
  111  8:21  Gateway  
  111  8:23  Gateway  
  111  8:26  Assimilator, Psionic Storm  
  111  8:27  Extended Thermal Lance  
  111  8:30  Assimilator  
  111  8:31  Probe  
  111  8:32  Probe, Photon Cannon  
  111  8:33  Photon Cannon  
  113  8:47  Colossus  
  118  9:04  High Templar  
  118  9:05  High Templar x2  
  118  9:08  Probe  
  125  9:21  High Templar  
  125  9:22  High Templar  
  129  9:30  Colossus  
  129  9:43  Zealot x4  
  129  9:44  Probe  
  144  9:49  Pylon  
  112  10:10  Zealot x6  
  124  10:16  Colossus  
  130  10:34  Forge  
  130  10:41  Forge  
  130  10:43  High Templar x2  
  130  10:48  Probe x2  
  136  10:50  Probe  
  137  11:00  Probe x2  
  137  11:02  Colossus, Probe  
  140  11:05  Zealot x3  
  140  11:11  Protoss Ground Weapons Level 2, Protoss Shields Level 1, Cybernetics Core  
  152  11:24  Zealot x4  
  160  11:27  High Templar  
  160  11:28  Probe  
  163  11:35  Photon Cannon  
  163  11:37  Photon Cannon  
  163  11:52  Observer  
  163  11:54  Stargate  
  163  11:55  Probe  
  165  12:03  Pylon  
  165  12:05  Pylon  
  165  12:08  Photon Cannon  
  165  12:15  Pylon  
  165  12:17  Pylon  
  165  12:21  Probe x2  
  168  12:30  Observer  
  168  12:37  Pylon  
  166  12:47  Zealot x4  
  166  12:48  Zealot x2  
  166  12:51  Immortal  
  174  13:03  High Templar x2  
  178  13:07  Archon  
  178  13:30  Colossus  
  184  13:47  Fleet Beacon  
  184  13:48  Probe x2  
  186  14:02  Pylon  
  185  14:24  Nexus  
  185  14:28  Pylon  
  185  14:30  Pylon  
  169  14:34  Assimilator  
  137  14:39  Assimilator  
  135  14:49  High Templar x8  
  151  14:54  Photon Cannon  
  151  14:55  Archon x2  
  151  14:56  Archon x2, Photon Cannon  
  151  15:02  Photon Cannon  
  119  15:42  Stalker x3  
  115  15:43  Zealot x5  
  123  16:20  High Templar x6  
  123  16:22  Zealot x2  
  123  16:24  Archon  
  123  16:25  Archon  
Show
View Real Time Build Order
Export as new Build Order

MiuGu Zerg 

Build Orders: Hatch First, Roach Hydra 

Get SALT Encoding   

  12  0:01  Drone  
  13  0:12  Overlord  
  13  0:16  Drone  
  14  0:31  Drone x2  
  16  0:51  Hatchery  
  16  0:55  Drone  
  16  0:57  Drone  
  16  1:01  Drone  
  18  1:12  Extractor  
  17  1:19  Spawning Pool  
  17  1:25  Drone x2  
  18  1:34  Drone  
  19  1:46  Drone  
  20  1:58  Overlord  
  20  2:06  Queen x2  
  20  2:07  Zergling x4  
  26  2:12  Drone  
  27  2:23  Drone x2  
  27  2:26  Drone  
  30  2:38  Drone x2  
  32  2:44  Queen, Lair  
  34  2:59  Overlord  
  34  3:03  Drone x2  
  36  3:12  Evolution Chamber  
  36  3:13  Overlord  
  36  3:15  Roach Warren  
  36  3:17  Drone  
  36  3:18  Drone x2  
  37  3:28  Drone  
  37  3:29  Drone x4  
  37  3:32  Overlord  
  42  3:36  Drone  
  43  3:43  Drone  
  43  3:44  Drone  
  45  3:49  Zerg Missile Weapons Level 1  
  45  3:53  Overlord  
  45  3:55  Drone x4  
  49  3:57  Extractor  
  49  3:59  Overlord, Extractor  
  49  4:02  Glial Reconstitution  
  47  4:19  Drone x2  
  47  4:20  Overlord x4  
  49  4:34  Overlord  
  49  4:35  Overlord  
  48  4:58  Hatchery  
  47  5:01  Roach x9  
  65  5:09  Hydralisk Den  
  64  5:22  Drone x6  
  71  5:35  Drone  
  71  5:36  Drone x2  
  73  5:43  Queen  
  73  5:44  Queen  
  77  5:52  Drone x3  
  77  5:53  Drone, Extractor  
  80  5:57  Spore Crawler  
  80  5:59  Drone x2, Spore Crawler  
  80  6:02  Grooved Spines, Zerg Missile Weapons Level 2  
  80  6:06  Hydralisk x2  
  84  6:15  Drone  
  84  6:16  Hydralisk  
  87  6:24  Queen  
  89  6:35  Hydralisk x6  
  89  6:39  Roach x2  
  105  6:42  Roach  
  105  6:45  Overseer  
  107  6:50  Overseer  
  107  6:52  Pneumatized Carapace  
  107  6:54  Drone  
  108  7:06  Roach x5  
  108  7:07  Roach x2  
  122  7:13  Muscular Augments  
  122  7:33  Infestation Pit  
  122  7:36  Overlord x3  
  121  7:37  Overlord  
  121  7:39  Overlord x2  
  121  7:45  Spore Crawler  
  120  7:58  Overseer  
  120  8:02  Hydralisk  
  120  8:03  Hydralisk x8  
  138  8:07  Drone x8  
  138  8:12  Extractor  
  145  8:14  Extractor  
  144  8:22  Hydralisk x4  
  152  8:35  Hatchery  
  151  8:45  Zerg Melee Weapons Level 1, Baneling Nest  
  151  8:48  Overlord x4  
  150  8:49  Overlord  
  150  8:51  Hydralisk x3  
  150  8:52  Hydralisk  
  158  9:20  Drone x8  
  166  9:30  Hydralisk x9  
  166  10:06  Hydralisk x12  
  165  10:25  Hive  
  159  10:30  Spire  
  158  10:49  Drone x15  
  173  10:53  Extractor  
  173  10:54  Extractor, Spore Crawler  
  170  11:02  Hydralisk x7  
  184  11:10  Zergling x2  
  184  11:11  Zergling x14  
  192  11:19  Zerg Melee Weapons Level 2  
  192  11:20  Centrifical Hooks  
  192  11:41  Evolution Chamber  
  191  11:50  Spine Crawler  
  191  11:52  Spine Crawler  
  191  11:53  Spine Crawler  
  191  11:54  Spine Crawler  
  187  11:56  Overlord, Corruptor  
  187  11:57  Corruptor x5  
  199  12:12  Zerg Missile Weapons Level 3  
  182  12:57  Greater Spire  
  157  13:02  Roach x3  
  157  13:03  Roach x5  
  157  13:05  Corruptor x3  
  173  13:06  Corruptor x4  
  173  13:07  Hydralisk  
  173  13:08  Hydralisk x5  
  199  13:16  Spire  
  199  13:19  Drone  
  199  13:42  Zerg Melee Weapons Level 3  
  199  13:45  Adrenal Glands  
  199  14:27  Hatchery  
  152  14:34  Hatchery  
  152  14:35  Hydralisk x5  
  152  14:36  Hydralisk x12  
  135  14:43  Zergling x32  
  135  14:44  Zergling x4  
  135  14:45  Corruptor x5  
  157  14:58  Hydralisk  
  157  14:59  Hydralisk x3  
  165  15:03  Baneling x17  
  165  15:04  Baneling x3  
  165  15:09  Roach  
  165  15:10  Roach x2  
  166  15:17  Metabolic Boost  
  142  15:28  Zergling x2  
  142  15:29  Zergling x12  
  126  15:38  Zergling x4  
  88  15:52  Corruptor x4  
  88  16:01  Hydralisk  
  88  16:02  Hydralisk x2  
  63  16:28  Brood Lord  
Tags
 
Add a new tag
Caveats
  • Supply blocks, unpowered buildings, or Contaminate may cause inaccurate times.
  • Supply counts are checked every 10 seconds.